omghax, neutral male scurrid Tourist H .!. g@. .}} ..} omghax the Rambler Experience level: 1 Strength: 14 Dexterity: 9 Constitution: 14 Intelligence: 13 Wisdom: 8 Charisma: 15 Health: 0(9) Energy: 2(2) Def: 0 Gold: 612 Moves: 58 Dungeon seed: oMCMY0piXmLtXkG5 Game ID: omghax_1498611877 Your Inventory: Coins $ - 612 gold pieces Weapons a - 45 uncursed rusty +2 darts (in quiver) Armor e - an uncursed +0 Hawaiian shirt (being worn) Comestibles b - 4 uncursed food rations c - an uncursed lembas wafer d - an uncursed tripe ration f - an uncursed fortune cookie g - an uncursed orange h - 2 uncursed eggs i - an uncursed tin of jackal meat Scrolls k - 3 uncursed scrolls of blank paper l - a blessed scroll of blank paper Potions j - 2 uncursed potions of extra healing Wands o - an uncursed wand of secret door detection (0:11) Tools m - an uncursed expensive camera (0:37) n - an uncursed credit card p - an uncursed leash Spells and supernatural/magical abilities: Name Level Category Fail Memory W - pray for help -- divine ? -- Your skills at the end: Miscellaneous Skills wands [Basic] Weapon Skills dart [Basic] Spellcasting Skills Final Attributes: You were devoutly aligned. You had infravision. You were very stealthy. You are dead. Vanquished creatures: a hill orc a cave spider 2 creatures vanquished. Voluntary challenges: You went without food. You did not adorn yourself with jewelry or accessories. You did not cause conflict. You were not invisible. You did not have reflection. You were not displaced. You were an atheist. You never hit with a wielded weapon. You were a pacifist. You did not use tools. You did not use plumbed fixtures. You did not drink any magical draughts. You were illiterate. You never genocided any monsters. You never polymorphed an object. You never changed form. You used no wishes. You never split a pudding. You never wrote Elbereth's name. You never violated your personal moral code. Dungeon overview: The Dungeons of Doom: levels 1 to 24 Level 1 a long staircase Level 2 Level 3 Level 4 Level 5 Level 6 Level 7 Level 8 Level 9 Level 10 Level 11 Level 12 an altar to Blind Io Level 13 Level 14 Level 15 Level 16 Level 17 a fountain, a sink Level 18 Level 19 Level 20 a fountain Level 21 Level 22 Level 23 Level 24 <- You were here History has recorded: On T:1 you entered the Dungeons of Doom to retrieve the Amulet of Yendor! On T:4 you reached level 2 of The Dungeons of Doom. On T:7 you reached level 3 of The Dungeons of Doom. On T:9 you reached level 4 of The Dungeons of Doom. On T:11 you reached level 5 of The Dungeons of Doom. On T:13 you reached level 6 of The Dungeons of Doom. On T:16 you reached level 7 of The Dungeons of Doom. On T:18 you reached level 8 of The Dungeons of Doom. On T:20 you reached level 9 of The Dungeons of Doom. On T:22 you reached level 10 of The Dungeons of Doom. On T:26 you reached level 11 of The Dungeons of Doom. On T:28 you reached level 12 of The Dungeons of Doom. On T:31 you reached level 13 of The Dungeons of Doom. On T:33 you reached level 14 of The Dungeons of Doom. On T:35 you reached level 15 of The Dungeons of Doom. On T:35 you entered the Rogue tribute level. On T:37 you reached level 16 of The Dungeons of Doom. On T:40 you reached level 17 of The Dungeons of Doom. On T:42 you reached level 18 of The Dungeons of Doom. On T:44 you reached level 19 of The Dungeons of Doom. On T:48 you reached level 20 of The Dungeons of Doom. On T:50 you reached level 21 of The Dungeons of Doom. On T:52 you reached level 22 of The Dungeons of Doom. On T:55 you reached level 23 of The Dungeons of Doom. On T:57 you reached level 24 of The Dungeons of Doom. Score breakdown: Gold: 66 ( 6 points) Experience: 1 level ( 0 points) Exploration: 24 levels ( 690 points) Discoveries: 2 items ( 100 points) Variety of kills: 2 monsters ( 100 points) Major goal: (nothing yet) ( 0 points) Survival: died (score multiplied by 3) Total score: 2688 Latest messages: You dig a pit in the floor. You continue digging downward. You dig a hole through the floor. You fall through... You start digging downward. You continue digging downward. You dig a pit in the floor. You continue digging downward. You dig a hole through the floor. You fall through... You start digging downward. The titan casts a spell! The titan is suddenly moving faster. You continue digging downward. As you dig, the hole fills with water! You fall into the water! You sink like a rock. Your darts rust! You try to crawl out of the water. Pheew! That was close. The jar crashes on your head and breaks into shards. You die... Final status: Aloha omghax the Tourist, killed by a thrown potion... You died in The Dungeons of Doom on dungeon level 24 with 2688 points, and 612 pieces of gold, after 58 moves. You were level 1 with a maximum of 9 hit points when you died.